 Dungeon Crawl Stone Soup version 0.30-a0-2-gf48d83f5e2 (webtiles) character file.

Game seed: 9688775636810213836

1597 kae the Firebug (level 8, -1/46 HPs)
             Began as a Deep Elf Fire Elementalist on Aug 19, 2022.
             Was an Initiate of Vehumet.
             Engulfed by a cloud of flame (20 damage)
             ... on level 6 of the Dungeon.
             The game lasted 00:05:56 (7475 turns).

kae the Firebug (Deep Elf Fire Elementalist)        Turns: 7475, Time: 00:05:57

Health: -1/46      AC:  3    Str:  5    XL:     8   Next: 62%
Magic:  13/19      EV: 14    Int: 23    God:    Vehumet [......]
Gold:   163        SH:  0    Dex: 15    Spells: 6/19 levels left

rFire   . . .      SeeInvis .    k - +2 short sword (speed)
rCold   . . .      Faith    .    (no shield)
rNeg    + . .      Spirit   .    a - +1 robe
rPois   +          Reflect  .    (no helmet)
rElec   .          Harm     .    (no cloak)
rCorr   .          Rampage  .    (no gloves)
Will    .....                    (no boots)
Stlth   ++........               (no amulet)
HPRegen 0.15/turn                P - ring of poison resistance
MPRegen 0.16/turn                N - ring of positive energy

@: no status effects
A: no striking features
a: Renounce Religion


You were on level 6 of the Dungeon.
You worshipped Vehumet.
Vehumet was noncommittal.
You visited 2 branches of the dungeon, and saw 8 of its levels.
You also visited: Sewer.

You collected 262 gold pieces.
You spent 99 gold pieces at shops.


   Skills:
 + Level 3.2 Fighting
 + Level 5.3 Dodging
 - Level 2.4 Stealth
 + Level 6.1 Spellcasting
 * Level 6.4 Conjurations
 * Level 7.1 Fire Magic


You had 6 spell levels left.
You knew the following spells:

 Your Spells              Type           Power      Damage    Failure   Level
a - Foxfire               Conj/Fire      100%       2x1d9     1%          1
b - Scorch                Fire           78%        2d8       1%          2
c - Conjure Flame         Conj/Fire      38%        6-21      1%          3
d - Inner Flame           Hex/Fire       23%        N/A       6%          3
e - Flame Wave            Conj/Fire      38%        2d10      5%          4

Your spell library contained the following spells:

 Spells                   Type           Power      Damage    Failure   Level
 Gell's Gravitas          Tloc           7%         N/A       26%         3
 Lesser Beckoning         Tloc           7%         N/A       26%         3
 Summon Guardian Golem    Hex/Summ       7%         N/A       26%         3
 Teleport Other           Tloc           7%         N/A       26%         3
 Corpse Rot               Necr/Pois/Air  7%         N/A       63%         4
 Dispel Undead            Necr           7%         3d8       63%         4
 Death Channel            Necr           3%         N/A       100%        6
 Orb of Destruction       Conj           18%        9d8       99%         7
 Spellforged Servitor     Conj/Summ      10%        N/A       100%        7

Inventory:

Hand Weapons
 k - a +2 short sword of speed (weapon)
   (You took it off a kobold on level 1 of the Dungeon)
Missiles
 i - 58 stones
 o - 14 poisoned darts
 p - 5 curare-tipped darts {=f}
Armour
 a - a +1 robe (worn)
Magical Staves
 y - a staff of fire {!a}
   (You found it on level 5 of the Dungeon)
Jewellery
 n - a ring of positive energy
   (You found it on level 3 of the Dungeon)
 C - a ring of ice
   (You found it on level 1 of the Dungeon)
 N - a ring of positive energy (right hand)
   (You found it on level 2 of the Dungeon)
 P - a ring of poison resistance (left hand)
   (You found it on level 2 of the Dungeon)
 W - a ring of magical power
   (You found it on level 3 of the Dungeon)
Scrolls
 c - 4 scrolls of teleportation {@r4}
 r - a scroll of blinking {!r}
 t - 2 scrolls of fog
 u - a scroll of magic mapping {!r}
 x - a scroll of fear
Potions
 b - a potion of magic
 d - a potion of mutation {!q}
 e - 2 potions of resistance
 f - 3 potions of flight
 g - 4 potions of lignification {!q}
 h - 3 potions of haste {unknown}
 j - 2 potions of heal wounds {@q2}
 l - 5 potions of curing {@q1}
 m - 2 potions of invisibility
 s - a potion of might
 v - a potion of degeneration {!q}

Dungeon Overview and Level Annotations

Branches:
Dungeon (7/15) Zot: 24123  Temple (1/1) D:4 Zot: 5806   Sewer (visited)

Altars:
Ashenzari
Cheibriados
Elyvilon
Gozag
Hepliaklqana
Makhleb
Okawaru
Sif Muna
Vehumet
Wu Jian
Xom
The Shining One

Shops:
D:4 ** D:5

* ..#..# .D#..#
#.#..# #
###.#..###.#
..........
#..#...
#..###ยง#ยง##
...>..ยงโ—‹@.#
## ##..####.##
.. #....##.##.#
#..........#
####.##.#####
#######.##.....#
..........####.#
........).#
..........####.


There were no monsters in sight!


Message History

Deactivating autopickup; reactivate with Ctrl-A.
The foxfire hits something but does no damage.
The foxfire hits something!
Vehumet accepts your kill.
Reactivating autopickup.
You feel a bit more experienced.
Casting: Foxfire (safe; 1% risk of failure)
Confirm with . or Enter, or press ? or * to list all spells.
You can't see any susceptible monsters within range! (Use Z to cast anyway.)
Casting: Foxfire (safe; 1% risk of failure)
Confirm with . or Enter, or press ? or * to list all spells.
You conjure some foxfire!
The foxfire hits the orc priest.
The orc priest mumbles some strange prayers to Beogh against you.
Beogh smites you!
You hear an angry growl. ๐Ÿ˜ฎ HP[-12] MP[-1]
You take 12 damage, and now have 34/46 hp.
MASSIVE DAMAGE!! (PAUSE)
You lost 1 mp, and now have 14/18 mp.
Casting: Foxfire (safe; 1% risk of failure)
Confirm with . or Enter, or press ? or * to list all spells.
You conjure some foxfire!
The foxfire hits the orc priest but does no damage.
The foxfire hits the orc priest.
You kill the orc priest!
Vehumet accepts your kill. ๐Ÿ˜• HP[+1] MP[-1]
You lost 1 mp, and now have 13/18 mp.
Casting: Foxfire (safe; 1% risk of failure)
Confirm with . or Enter, or press ? or * to list all spells.
You conjure some foxfire!
A black bear comes into view. ๐Ÿ˜• HP[+1] MP[+1]
A black bear is nearby!
A black bear is nearby!
Casting: Foxfire (safe; 1% risk of failure)
Confirm with . or Enter, or press ? or * to list all spells.
You conjure some foxfire!
The black bear growls angrily.
The foxfire hits the black bear! ๐Ÿ˜• HP[+1]
Casting: Foxfire (safe; 1% risk of failure)
Confirm with . or Enter, or press ? or * to list all spells.
You conjure some foxfire!
The foxfire hits the black bear but does no damage.
The foxfire hits the black bear. x2 ๐Ÿ˜• MP[-1]
You lost 1 mp, and now have 13/18 mp.
Casting: Foxfire (safe; 1% risk of failure)
Confirm with . or Enter, or press ? or * to list all spells.
Flames lash the black bear.
You kill the black bear!
Vehumet accepts your kill.
Your Fire Magic skill increases to level 7! ๐Ÿ˜• MP[-2]
You lost 2 mp, and now have 11/18 mp.
Casting: Scorch (safe; 1% risk of failure)
Confirm with . or Enter, or press ? or * to list all spells.
You conjure some foxfire! ๐Ÿ˜• HP[+1]
l - 5 potions of curing {@q1} (gained 1)
Items here: )) [[.
Found a stone staircase leading down. ๐Ÿ˜Ž HP[+8] MP[+7]
Your hp is fully restored (46).
Your mp is fully restored (18).
A steam dragon comes into view.
A steam dragon is nearby!
A steam dragon is nearby!
Okay, then.
You aren't carrying any items that you can evoke.
You aren't carrying any items that you can evoke.
Okay, then.
Okay, then.
Okay, then.
You start waiting.
A steam dragon is nearby!
Casting: Foxfire (safe; 1% risk of failure)
Confirm with . or Enter, or press ? or * to list all spells.
Aiming: Inner Flame (dangerous; 6% risk of failure)
Press: ? - help, Dir - move target, f - steam dragon
Aim: a steam dragon (chance to affect: 78%)
The steam dragon is filled with an inner flame. ๐Ÿ˜Ž MP[-3]
You lost 3 mp, and now have 15/18 mp.
Casting: Inner Flame (dangerous; 6% risk of failure)
Confirm with . or Enter, or press ? or * to list all spells.
Flames lash the steam dragon.
Flame seeps out of the steam dragon.
The steam dragon's fire resistance burns away.
The steam dragon is engulfed in blazing flames.
Vehumet accepts your kill.
The steam dragon scales are intact enough to wear.
The steam dragon explodes!
The fiery explosion engulfs you!!
Ouch! That really hurt!
* * * LOW HITPOINT WARNING * * *
You hear a shout! x3
Your Spellcasting skill increases to level 6!
You are engulfed in blazing flames.
You die...

Skill      XL: |  1  2  3  4  5  6  7  8 |
---------------+-------------------------+-----
Conjurations   | 2 3 4 5 6 |  6.4
Fire Magic     | 4 5 6 7 |  7.1
Fighting       | 1 2 3 |  3.2
Dodging        | 3 4 5 |  5.3
Spellcasting   | 4 5 6 |  6.1
Stealth        | |  2.4

Action                   |  1- 3 |  4- 6 |  7- 9 || total
-------------------------+-------+-------+-------++-------
Melee: Short sword       |       |     8 |       ||     8
 Cast: Foxfire           |    62 |    98 |   104 ||   264
       Scorch            |     3 |    21 |    29 ||    53
       Conjure Flame     |       |     1 |     1 ||     2
       Inner Flame       |       |     1 |     1 ||     2
  Use: Scroll            |       |     9 |     8 ||    17
 Stab: Distracted        |       |     1 |       ||     1
Armor: Robe              |     1 |     5 |     7 ||    13
Dodge: Dodged            |     6 |    20 |    40 ||    66

Levels and vault maps discovered:
D:1:      dpeg_arrival_arbitrary_a, layout_basic,
          hellmonk_ecumenical_altar_defaced_shrine, lexackson_kobold_supper
D:2:      wander_river, layout_basic, minmay_tetromino_i4
D:3:      layout_loops_cross, uniq_terence
D:4:      layout_loops_ring, minmay_temple_entry_overgrown,
          gup_sewer_entry_bubbles, nicolae_specific_store, lemuel_old_faithful
D:5:      layout_basic, grunt_ministairs_13, nicolae_shop_overcharged_wands
D:6:      layout_basic, kennysheep_mini_moat
D:7:      layout_cave_pools, grunt_temple_overflow_open, serial_column_ruins,
          column_ruins_temple_circle, column_ruins_columns_straight,
          column_ruins_grid_1, column_ruins_open_large,
          column_ruins_corridor_plus, column_ruins_grid_1
Temple:   chequers_temple_sunken

Notes
Turn   | Place    | Note
-------+----------+-------------------------------------------
     0 | D:1      | kae the Deep Elf Fire Elementalist began the quest for the
                  | Orb.
     0 | D:1      | Reached XP level 1. HP: 10/10 MP: 6/6
     0 | D:1      | magus.rc [v1.11.3]
    18 | D:1      | Reached XP level 2. HP: 15/15 MP: 2/8
    95 | D:1      | Learned a level 2 spell: Scorch
   526 | D:1      | Reached skill level 2 in Conjurations
   630 | D:1      | Reached XP level 3. HP: 20/20 MP: 5/9
   634 | D:1      | Learned a level 3 spell: Conjure Flame
  1519 | D:1      | Reached XP level 4. HP: 24/24 MP: 8/11
  1549 | D:1      | Found a faded altar of an unknown god.
  1628 | D:2      | Learned a level 3 spell: Inner Flame
  1677 | D:2      | Reached skill level 4 in Fire Magic
  1689 | D:2      | Reached skill level 1 in Fighting
  1951 | D:2      | Reached skill level 3 in Dodging
  2611 | D:3      | Noticed an ogre
  2621 | D:3      | Killed an ogre
  2622 | D:3      | Reached skill level 4 in Spellcasting
  2622 | D:3      | Reached skill level 3 in Conjurations
  2622 | D:3      | Reached XP level 5. HP: 19/29 MP: 5/13
  3252 | D:3      | Noticed Terence
  3278 | D:3      | Killed Terence
  3476 | D:4      | Reached XP level 6. HP: 34/34 MP: 7/14
  3490 | D:4      | Found Hogac's Specific Store.
  3490 | D:4      | You fall into a shaft and drop 3 floors!
  3586 | D:5      | Entered Level 5 of the Dungeon
  3598 | D:5      | Found Girrem's Overcharged Wands.
  3648 | D:5      | Reached skill level 5 in Fire Magic
  3656 | D:5      | Reached skill level 2 in Fighting
  3656 | D:5      | Reached skill level 4 in Conjurations
  3767 | D:4      | Found a glowing drain.
  3771 | D:4      | Reached skill level 4 in Dodging
  3776 | Sewer    | Entered a sewer
  3906 | Sewer    | Reached XP level 7. HP: 40/40 MP: 13/16
  4712 | D:4      | Reached skill level 5 in Spellcasting
  4825 | D:4      | Found Pajavia's General Store.
  4831 | D:4      | Bought a potion of curing for 33 gold pieces
  4831 | D:4      | Bought 3 scrolls of identify for 66 gold pieces
  4978 | D:4      | You pick up a book of Displacement and begin reading...
  4978 | D:4      | You add the spells Lesser Beckoning, Gell's Gravitas and
                  | Teleport Other to your library.
  5065 | D:4      | You pick up a book of Dangerous Friends and begin
                  | reading...
  5065 | D:4      | You add the spells Summon Guardian Golem, Orb of
                  | Destruction and Spellforged Servitor to your library.
  5148 | D:4      | Learned a level 4 spell: Flame Wave
  5187 | D:4      | Found a staircase to the Ecumenical Temple.
  5511 | Temple   | Entered the Ecumenical Temple
  5653 | Temple   | Became a worshipper of Vehumet
  5975 | D:5      | Reached skill level 5 in Conjurations
  5975 | D:5      | Reached skill level 6 in Fire Magic
  6304 | D:5      | Reached XP level 8. HP: 33/45 MP: 9/18
  6775 | D:5      | You pick up a book of Decay and begin reading...
  6775 | D:5      | You add the spells Corpse Rot, Dispel Undead and Death
                  | Channel to your library.
  7205 | D:5      | Reached skill level 3 in Fighting
  7205 | D:5      | Reached skill level 5 in Dodging
  7205 | D:5      | Reached skill level 6 in Conjurations
  7394 | D:6      | Reached skill level 7 in Fire Magic
  7475 | D:6      | Reached skill level 6 in Spellcasting
  7475 | D:6      | Engulfed by a cloud of flame

Vanquished Creatures
  A steam dragon (D:6)
  3 black bears
  3 ogres
  A kobold brigand (Sewer)
  2 phantoms (D:5)
  An orc priest (D:6)
  5 hounds (D:5)
  Terence (D:3)
  3 iguanas (D:5)
  4 orc wizards
  A gnoll (D:1)
  15 adders
  7 river rats
  An ufetubus (D:5)
  2 worms
  6 dart slugs
  11 orcs
  3 bats
  11 endoplasms
  3 giant cockroaches
  9 goblins
  6 hobgoblins
  6 jackals (D:1)
  15 kobolds
  6 quokkas
  7 ball pythons
  10 frilled lizards
  17 rats
160 creatures vanquished.

Vanquished Creatures (collateral kills)
  9 foxfires
9 creatures vanquished.

Vanquished Creatures (others)
  An endoplasm (D:4)
  424 foxfires
  10 plants
435 creatures vanquished.

Grand Total: 604 creatures vanquished

Table legend:
 A = Non-vault XP
 B = Vault XP
 C = Vault XP percentage of total XP
 D = Non-vault monster count
 E = Vault monster count
 F = Vault count percentage of total count
                 A         B        C        D         E       F
            +---------+---------+-------+---------+---------+-------
      Total |    1875 |     407 |  17.8 |     112 |      48 |  30.0
            +---------+---------+-------+---------+---------+-------
        D:1 |      75 |      23 |  23.5 |      33 |      13 |  28.3
        D:2 |      31 |       7 |  18.4 |      13 |       3 |  18.8
        D:3 |     163 |      36 |  18.1 |      17 |       1 |   5.6
        D:4 |     129 |      60 |  31.7 |      21 |       8 |  27.6
        D:5 |    1087 |      53 |   4.6 |      20 |       2 |   9.1
        D:6 |     390 |       0 |   0.0 |       8 |       0 |   0.0
      Sewer |       0 |     228 | 100.0 |       0 |      21 | 100.0
            +---------+---------+-------+---------+---------+-------

Illustrated notes

Table legend:
 A = Kills in this place as a percentage of kills in entire the game.
 B = Kills by you in this place as a percentage of kills by you in the entire game.
 C = Kills by friends in this place as a percentage of kills by friends in the entire game.
 D = Other kills in this place as a percentage of other kills in the entire game.
 E = Experience gained in this place as a percentage of experience gained in the entire game.
 F = Experience gained in this place divided by the number of levels of this place that you have seen.
                   A       B       C       D       E      F
               +-------+-------+-------+-------+-------+----------------------
         Total | 100.0 | 100.0 |   N/A |   N/A | 100.0 | 253.6
       Dungeon |  86.9 |  86.9 |   N/A |   N/A |  90.0 | 293.4
         Sewer |  13.1 |  13.1 |   N/A |   N/A |  10.0 | 228.0
               +-------+-------+-------+-------+-------+----------------------

Table legend: (Time is in decaauts)
 A = Elapsed time spent in this place.
 B = Non-inter-level travel time spent in this place.
 C = Inter-level travel time spent in this place.
 D = Time resting spent in this place.
 E = Time spent auto-exploring this place.
 F = Levels seen in this place.
 G = Mean time per level.
                   A        B        C        D        E       F      G
               +--------+--------+--------+--------+--------+-----+--------+
         Total |   7706 |   7541 |    165 |     64 |   6263 |   9 |  856.2 |
       Dungeon |   6475 |   6315 |    160 |      7 |   5228 |   7 |  925.0 |
        Temple |    193 |    188 |      5 |      0 |    170 |   1 |  193.0 |
         Sewer |   1037 |   1037 |      0 |     57 |    864 |   1 | 1037.0 |
               +--------+--------+--------+--------+--------+-----+--------+

Top non-repeatable levels by time:
     D:5: 1725 daAuts
     D:1: 1622 daAuts
     D:4: 1072 daAuts
   Sewer: 1037 daAuts
     D:3: 1005 daAuts
     D:2: 823 daAuts
  Temple: 193 daAuts
     D:6: 157 daAuts
     D:7: 68 daAuts
